 Dungeon Crawl Stone Soup version 0.17.0-26-gececa24 (webtiles) character file.

377 Gravenous the Grave Robber (level 6, -1/32 HPs)
             Began as a Tengu Necromancer on Nov 20, 2015.
             Killed by nerve-wracking pain
             ... invoked by a shadow imp
             ... summoned by Eustachio
              (14 damage)
             ... on level 3 of the Dungeon.
             The game lasted 00:08:40 (5409 turns).

Gravenous the Grave Robber (Tengu Necromancer)      Turns: 5409, Time: 00:08:41

Health: -1/32      AC:  3    Str:  8 (9)  XL:     6   Next: 73%
Magic:  10/10      EV: 13    Int: 20      God:
Gold:   152        SH:  4    Dex: 16      Spells: 4 memorised, 1 level left

rFire  . . .     SeeInvis .     m - +0 dagger (drain)
rCold  . . .     Clarity  .     a - +0 robe
rNeg   . . .     SustAt   .     g - +0 buckler
rPois  .         Gourm    .     (helmet restricted)
rElec  .         Spirit   .     (no cloak)
rCorr  .         Warding  .     e - +0 pair of gloves
rMut   .         Stasis   .     (boots unavailable)
MR     .....                    (no amulet)
Stlth  +++.......               (no ring)
                                (no ring)

@: brilliant, starving, not resistant to hostile enchantments, fairly stealthy
A: beak, talons 3, able to fly 1
a: Fly


You were on level 3 of the Dungeon.
You were starving.

You visited 2 branches of the dungeon, and saw 5 of its levels.

You collected 152 gold pieces.

Inventory:

Hand Weapons
 m - a +0 dagger of draining (weapon)
Armour
 a - a +0 robe (worn)
 e - a +0 pair of gloves (worn)
 g - a +0 buckler (worn)
 n - a +0 ring mail
 u - a +0 gold dragon armour
Jewellery
 z - an uncursed ring of wizardry {unknown}
Wands
 p - a wand of enslavement (7)
Scrolls
 d - 2 scrolls of noise {unknown}
 i - 2 scrolls of teleportation {unknown}
 j - a scroll of recharging {unknown}
 k - a scroll of remove curse {unknown}
 l - 3 scrolls of enchant armour {unknown}
 r - 2 scrolls of identify {unknown}
 s - a scroll of magic mapping {unknown}
 A - a scroll of fear {unknown}
Potions
 f - a potion of degeneration
Books
 b - a book of Necromancy

   Spells                             Type                      Level
   a - Pain                           Necromancy                   1
   b - Animate Skeleton               Necromancy                   1
   c - Vampiric Draining              Necromancy                   3
   d - Regeneration                   Charms/Necromancy            3
   e - Animate Dead                   Necromancy                   4
   f - Control Undead                 Necromancy                   4
 y - a book of Minor Magic

   Spells                             Type                      Level
   a - Magic Dart                     Conjuration                  1
   b - Blink                          Translocation                2
   c - Call Imp                       Summoning                    2
   d - Repel Missiles                 Charms/Air                   2
   e - Slow                           Hexes                        2
   f - Conjure Flame                  Conjuration/Fire             3
   g - Mephitic Cloud                 Conjuration/Poison/Air       3
Comestibles
 c - 3 bread rations
 q - 3 fruits
 v - a meat ration


   Skills:
 * Level 4.0 Dodging
 + Level 3.6 Stealth
 - Level 1.2 Shields
 - Level 2.6 Spellcasting
 * Level 2.5 Charms
 - Level 5.4 Necromancy


You had one spell level left.
You knew the following spells:

 Your Spells              Type           Power        Failure   Level  Hunger
a - Pain                  Necr           ####         1%          1    None
b - Vampiric Draining     Necr           #####.....   1%          3    ###....
c - Regeneration          Chrm/Necr      ####......   1%          3    ###....
d - Blink                 Tloc           N/A          4%          2    ##.....


Dungeon Overview and Level Annotations

Branches:
Dungeon (4/15)             Temple (1/1) D:4

Altars:
Ashenzari
Dithmenos
Gozag
Nemelex Xobeh
Qazlal
Trog
Xom
Zin
The Shining One

Annotations:
D:3 Eustachio
D:4 Dowan, Duvessa, Menkaure, Natasha


Innate Abilities, Weirdness & Mutations

You have a beak for a mouth.
You have claws for feet.
You can fly.


Message History

Unknown command.
You feel less invigorated.
You feel less confused.
Eustachio gestures wildly while chanting.
Eustachio blinks!
Unknown command.
You closely miss Eustachio. You claw Eustachio, but do no damage.
You peck Eustachio, but do no damage.
Eustachio is lightly wounded.
Eustachio misses you. You block the shadow imp's attack.
Unknown command.
Read which item? (? for menu, Esc to quit)
As you read the scroll labeled WAONUNE MYKHLO, it crumbles to dust.
Forget which spell ([?*] list [ESC] exit)?
Forget which spell ([?*] list [ESC] exit)?
Okay, then.
It was a scroll of amnesia.
The shadow imp gestures at you. Pain shoots through your body!
You die...

..........# #...#
..........#####...#######
#####.....'...........).# ###
#.....#############.#
#_###.....# #.........#.#
#..##.....# #.#######.#.#
..#.#.....# #.# #.#.#
[#..#.....###.##### #.#)#
#..##..........@@># #.#.#
..###..######[###5# #.#.#
.#.##..## ###.# #.# #.#.#
#...#...# #...# #.#
#.#.######### ..#.#...#
#.#.###.# #.#..........
)#.##...###.....#.#
#.###########
#.##.....##.).#.#.###.# #
#........##...#.#.#...#######
#
#.........#...#.#.#.###.....#
#


You could see Eustachio and a shadow imp.

Vanquished Creatures
  2 hounds (D:4)
  2 orc wizards (D:3)
  Ijyb (D:2)
  A centaur skeleton (D:4)
  A worker ant (D:3)
  A hound skeleton (D:4)
  6 adders
  An ooze (D:2)
  A worm (D:2)
  2 giant geckos
  17 orcs (D:3)
  4 giant cockroaches
  10 hobgoblins
  2 jackals (D:3)
  A ball python (D:1)
  4 bats
  6 giant newts
  11 goblins
  7 kobolds
  5 quokkas
  8 rats
93 creatures vanquished.

Notes
Turn   | Place    | Note
--------------------------------------------------------------
     0 | D:1      | Gravenous the Tengu Necromancer began the quest for the Orb.
     0 | D:1      | Reached XP level 1. HP: 10/10 MP: 4/4
   532 | D:1      | Reached XP level 2. HP: 13/15 MP: 3/6
  1472 | D:2      | Reached XP level 3. HP: 16/19 MP: 3/7
  1477 | D:2      | Learned a level 3 spell: Vampiric Draining
  1559 | D:2      | Reached skill level 5 in Necromancy
  1576 | D:2      | Noticed Ijyb
  1586 | D:2      | Killed Ijyb
  1586 | D:2      | Reached XP level 4. HP: 12/24 MP: 1/8
  1948 | D:2      | Learned a level 3 spell: Regeneration
  3220 | D:3      | Reached skill level 1 in Shields
  3220 | D:3      | Reached skill level 1 in Charms
  3220 | D:3      | Gained mutation: You can fly. [Tengu growth]
  3220 | D:3      | Reached XP level 5. HP: 18/28 MP: 6/9
  3859 | D:3      | Found a stormy altar of Qazlal.
  4135 | D:3      | Reached XP level 6. HP: 12/32 MP: 2/10
  4784 | D:4      | Learned a level 2 spell: Blink
  4785 | D:4      | Found a staircase to the Ecumenical Temple.
  4791 | Temple   | Entered the Ecumenical Temple
  4995 | D:4      | Noticed Menkaure
  5188 | D:4      | Noticed Natasha
  5196 | D:4      | Noticed Dowan
  5281 | D:4      | Noticed Eustachio
  5350 | D:4      | Noticed Duvessa
  5409 | D:3      | Killed from afar by a shadow imp

Action                   |  1- 3 |  4- 6 || total
-------------------------+-------+-------++-------
Melee: Unarmed           |     4 |       ||     4
       Short sword       |     6 |    13 ||    19
       Dagger            |       |   234 ||   234
 Cast: Pain              |    43 |    17 ||    60
       Vampiric Draining |       |     3 ||     3
       Regeneration      |       |     9 ||     9
  Use: Potion            |       |     6 ||     6
       Scroll            |       |     1 ||     1
 Stab: Sleeping          |     1 |     7 ||     8
       Distracted        |       |     1 ||     1
  Eat: Chunk             |     2 |    13 ||    15
